 Dungeon Crawl Stone Soup version 0.27.1-3-gb3d3a73c9e (webtiles) character file.

Game seed: 4363229431965157750

112 Descartes the Ducker (level 4, -1/19 HPs)
             Began as a Felid Transmuter on Oct 6, 2021.
             Slain by an adder (5 damage)
             ... in the Ecumenical Temple.
             The game lasted 00:07:07 (5569 turns).

Descartes the Ducker (Felid Transmuter)             Turns: 5569, Time: 00:07:07

Health: -1/19      AC:  1    Str:  7    XL:     4   Next: 63%
Magic:  8/8        EV: 19    Int: 15    God:
Gold:   136        SH:  0    Dex: 16    Spells: 4/7 levels left
                                        Lives:  0   Deaths: 1

rFire    . . .     SeeInvis +     - Unarmed
rCold    . . .     Faith    .   (shield unavailable)
rNeg     . . .     Spirit   .   (armour unavailable)
rPois    .         Reflect  .   (helmet unavailable)
rElec    .         Harm     .   (cloak unavailable)
rCorr    .         Rampage  .   (gloves unavailable)
Will     .....                  (boots unavailable)
Stlth    +++.......             (no amulet)
HPRegen  0.06/turn              (no ring)
MPRegen  0.11/turn              (no ring)

@: quick
A: very small, claws 1, fangs 3, see invisible, speed 1, shaggy fur 1, stealthy
paws, no weapons or thrown items, no armour, multi-lived
a: no special abilities


You were in the Ecumenical Temple.
You visited 2 branches of the dungeon, and saw 5 of its levels.

You collected 136 gold pieces.

Inventory:

Missiles
 c - 82 stones
Jewellery
 e - a ring of positive energy
 m - an amulet of guardian spirit
Scrolls
 a - a scroll of noise {unknown}
 b - 2 scrolls of identify {unknown}
 d - 4 scrolls of amnesia {unknown}
 h - 2 scrolls of teleportation {unknown}
 i - a scroll of enchant armour {unknown}
 l - a scroll of summoning {unknown}
Potions
 f - 3 potions of degeneration {unknown}
 g - 3 potions of heal wounds {unknown}
 j - a potion of ambrosia {unknown}
 k - a potion of berserk rage {unknown}
 n - 2 potions of magic {unknown}
 o - a potion of mutation {unknown}
 p - a potion of haste {unknown}


   Skills:
 - Level 1.0 Fighting
 + Level 5.0 Dodging
 + Level 4.3 Stealth
 + Level 3.6 Unarmed Combat
 - Level 2.0 Spellcasting
 + Level 3.4 Transmutations


You had 4 spell levels left.
You knew the following spells:

 Your Spells              Type           Power      Damage    Failure   Level
a - Beastly Appendage     Tmut           22%        N/A       5%          1
b - Wereblood             Tmut           11%        N/A       9%          2

Your spell library contained the following spells:

 Spells                   Type           Power      Damage    Failure   Level
 Spider Form              Tmut/Pois      3%         N/A       32%         3
 Ice Form                 Ice/Tmut       6%         N/A       73%         4
 Freezing Cloud           Conj/Ice/Air   0%         6-21      99%         5
 Simulacrum               Ice/Necr       0%         N/A       100%        6
 Polar Vortex             Ice            0%         N/A       100%        9


Dungeon Overview and Level Annotations

Branches:
Dungeon (4/15)             Temple (1/1) D:4

Altars:
Fedhas

Shops:
D:3 =

Annotations:
D:3 1 runed translucent door, Crazy Yiuf


Innate Abilities, Weirdness & Mutations

You have sharp claws.
You have razor-sharp teeth.
You have supernaturally acute eyesight. (SInv)
You cover ground quickly. (Speed+)
You are covered in fur. (AC +1)
Your paws help you pounce on unaware monsters.
You are incapable of wielding weapons or throwing items.
You cannot wear armour.
You gain extra lives every three experience levels.


Message History

The iguana bites you!
Ouch! That really hurt!
You are too injured to fight recklessly!
You are too injured to fight recklessly!
You are too injured to fight recklessly!
You are too injured to fight recklessly!
You are too injured to fight recklessly!
You are too injured to fight recklessly!
You are too injured to fight recklessly!
The ogre shouts!
You scratch the ogre.
The ogre is lightly wounded.
The ogre completely misses you. The gnoll completely misses you.
You barely miss the gnoll.
The gnoll is almost dead.
The gnoll hits you with a +0 club.
* * * LOW HITPOINT WARNING * * *
You scratch the gnoll.
You kill the gnoll!
Your Dodging skill increases to level 5!
Things that are here:
a +0 club; a gnoll corpse The gnoll closely misses you.
The gnoll completely misses you.
An adder comes into view.
The adder hisses angrily.
The adder misses you. The adder completely misses you.
The gnoll hits you from afar with a +0 spear.
* * * LOW HITPOINT WARNING * * *
There is a staircase to the Ecumenical Temple here.
The adder barely misses you. The adder misses you.
The gnoll closely misses you.
You climb downwards.
Welcome to the Ecumenical Temple!
There is a staircase back to the Dungeon here.
The adder barely misses you. The adder barely misses you. The adder bites you.
You die...

♣..♣...# ♣♣.
♣♣..# ♣♣.
♣♣...#
♣...♣..♣♣#
♣...♣♣
♣....♣♣#
♣♣..♣..#
♣.PP.SP#######
♣PPPPP@.......
♣♣♣♣♣♣........
♣♣♣♣♣♣..P ♣♣


You could see an adder.

Vanquished Creatures
  A bullfrog skeleton (D:4)
  A centaur skeleton (D:4)
  4 gnolls
  4 adders
  A worm (D:2)
  3 dart slugs
  An orc (D:4)
  7 bats
  8 endoplasms
  5 giant cockroaches
  4 goblins
  5 hobgoblins
  2 jackals (D:2)
  A quokka (D:1)
  6 ball pythons
  4 frilled lizards
  5 kobolds
  6 rats
68 creatures vanquished.

Notes
Turn   | Place    | Note
-------+----------+-------------------------------------------
     0 | D:1      | Descartes the Felid Transmuter began the quest for the Orb.
     0 | D:1      | Reached XP level 1. HP: 9/9 MP: 4/4
   151 | D:1      | Reached skill level 3 in Dodging
   151 | D:1      | Reached skill level 1 in Stealth
   217 | D:1      | Reached XP level 2. HP: 5/12 MP: 6/6
   805 | D:1      | Found a faded altar of an unknown god.
  1490 | D:2      | Reached XP level 3. HP: 15/15 MP: 7/7
  1966 | D:2      | Reached skill level 4 in Dodging
  3088 | D:2      | Reached XP level 4. HP: 19/19 MP: 8/8
  3116 | D:3      | Noticed an ogre
  3960 | D:2      | Learned a level 2 spell: Wereblood
  4092 | D:3      | Found Iluejeg's Jewellery Boutique.
  4593 | D:3      | Found a runed translucent door.
  4594 | D:3      | Noticed Crazy Yiuf
  4719 | D:4      | Found a blossoming altar of Fedhas.
  4738 | D:4      | Found a staircase to the Ecumenical Temple.
  4760 | D:4      | Reached XP level 5. HP: 9/22 MP: 9/9
  5048 | D:4      | Noticed an ogre
  5436 | D:4      | Slain by a gnoll
  5437 | D:4      | Reached XP level 4. HP: -1/19 MP: 8/8
  5500 | D:4      | Reached skill level 5 in Dodging
  5516 | Temple   | Entered the Ecumenical Temple
  5569 | Temple   | Slain by an adder

Illustrated notes

Levels and vault maps discovered:
D:1:      amcnicky_arrival_flooded_fountain, layout_basic,
          basic_ecumenical_altar
D:2:      layout_basic, kennysheep_another_room, minmay_split_cup_large
D:3:      layout_rooms, serial_shops, nicolae_shop_trees,
          uniq_crazy_yiuf_cottage
D:4:      layout_loops_cross, mainiacjoe_overflow_six_doors_small,
          minmay_temple_entry_glass, st_stairs_1
Temple:   kilobyte_greek_temple

Skill      XL: |  1  2  3  4  5 |
---------------+----------------+-----
Dodging        | 3 4 5 |  5.0
Stealth        | 1 2 3 4 |  4.3
Transmutations | 3 |  3.4
Fighting       | |  1.0
Unarmed Combat | |  3.6
Spellcasting   | |  2.0

Action                   |  1- 3 |  4- 6 || total
-------------------------+-------+-------++-------
Melee: Unarmed           |   133 |    66 ||   199
       Bite              |     8 |    10 ||    18
       Punch             |     1 |     1 ||     2
 Stab: Sleeping          |    11 |     7 ||    18
       Distracted        |       |     2 ||     2
Armor: Skin              |     9 |     2 ||    11
Dodge: Dodged            |   115 |    75 ||   190
